 Dungeon Crawl Stone Soup version 0.21-a0-260-g9b2435e (webtiles) character file.

6 roguesci the Charmwright (level 1, -3/16 HPs)
             Began as a Demonspawn Skald on Sept 7, 2017.
             Killed from afar by a dart slug (4 damage)
             ... with a slug dart
             ... on level 1 of the Dungeon.
             The game lasted 00:00:39 (73 turns).

roguesci the Charmwright (Demonspawn Skald)           Turns: 73, Time: 00:00:39

Health: -3/16      AC:  3    Str: 11    XL:     1   Next: 75%
Magic:  0/3        EV: 12    Int: 14    God:
Gold:   0          SH:  0    Dex: 12    Spells: 3/4 levels left

rFire    . . .     SeeInvis .   a - +0 hand axe
rCold    . . .     Gourm    .   (no shield)
rNeg     . . .     Faith    .   b - +0 leather armour
rPois    .         Spirit   .   (no helmet)
rElec    .         Reflect  .   (no cloak)
rCorr    .         Harm     .   (no gloves)
MR       .....                  (no boots)
Stlth    +.........             (no amulet)
HPRegen  0.05/turn              (no ring)
MPRegen  0.08/turn              (no ring)

@: no status effects
A: no striking features
a: no special abilities


You were on level 1 of the Dungeon.
You were not hungry.

You visited 1 branch of the dungeon, and saw 1 of its levels.

Inventory:

Hand Weapons
 a - a +0 hand axe (weapon)
Missiles
 e - 34 stones (quivered)
Armour
 b - a +0 leather armour (worn)
Books
 c - a book of Battle

   Spells                             Type                      Level
   a - Infusion                       Charms                       1
   b - Shroud of Golubria             Charms/Translocation         2
   c - Song of Slaying                Charms                       2
   d - Spectral Weapon                Hexes/Charms                 3
   e - Regeneration                   Charms/Necromancy            3
Comestibles
 d - a bread ration


   Skills:
 * Level 2.0 Fighting
 + Level 1.7 Axes
 + Level 1.0 Armour
 * Level 1.9 Dodging
 + Level 0.2 Stealth
 * Level 2.2 Spellcasting
 + Level 2.6 Charms


You had 3 spell levels left.
You knew the following spells:

 Your Spells              Type           Power        Failure   Level  Hunger
a - Infusion              Chrm           #...         10%         1    #......


Dungeon Overview and Level Annotations

Branches:
Dungeon (1/15)

Altars:


Message History

You barely miss the leopard gecko.
Your magical infusion is running out.
The dart slug launches a dart at you. The slug dart hits you!
The leopard gecko barely misses you.
You closely miss the leopard gecko. The leopard gecko barely misses you.
You hit the leopard gecko.
The leopard gecko is moderately wounded.
The leopard gecko bites you.
* * * LOW HITPOINT WARNING * * *
The leopard gecko barely misses you.
You hit the leopard gecko but do no damage.
The leopard gecko is moderately wounded.
The leopard gecko bites you.
* * * LOW HITPOINT WARNING * * *
You hit the leopard gecko.
You kill the leopard gecko!
You are no longer magically infusing your attacks.
The dart slug launches a dart at you. The slug dart hits you!
You die...

...###..##..# #.####
......>###..#
##....... #..(####
..#### ##........
#.....#
#.....###.....?...
###.#....
###...#.........
#.##..##
######....!......
#.# .##
.................
... .
######......>... ...
. #..@.w#........
...
.#####.#####........
#....# #....####
#####.#### #....#
#######.....# #....#
.....#..##### #....#
.......## ######
.....### ######


You could see a dart slug.

Vanquished Creatures
  A leopard gecko (D:1)
  A goblin (D:1)
  A hobgoblin (D:1)
  2 rats (D:1)
5 creatures vanquished.

Notes
Turn   | Place    | Note
-------+----------+-------------------------------------------
     0 | D:1      | roguesci the Demonspawn Skald began the quest for the Orb.
     0 | D:1      | Reached XP level 1. HP: 16/16 MP: 3/3
    68 | D:1      | Reached skill level 1 in Armour
    73 | D:1      | Killed from afar by a dart slug

Vault maps used:
D:1:      sevenhm_arrival_forest_fort_small_4, serial_bayou_ford_a,
          hangedman_abyss_or_decor_lesser_grid

Skill      XL: |  1 |
---------------+----+-----
Armour         | 1 |  1.0
Fighting       | |  2.0
Axes           | |  1.7
Dodging        | |  1.9
Stealth        | |  0.2
Spellcasting   | |  2.2
Charms         | |  2.6

Action                   || total
-------------------------++-------
Melee: Hand axe          ||    10
 Cast: Infusion          ||     1
Armor: Leather armour    ||     2
Dodge: Dodged            ||     4

Table legend:
 A = Spawn XP
 B = Non-spawn XP
 C = Spawn XP percentage of total XP
 D = Spawn monster count
 E = Non-spawn monster count
 F = Spawn count percentage of total count
 G = Total turns spent on level
                    A         B        C        D         E        F      G
               +---------+---------+-------+---------+---------+-------+---------
         Total |       0 |       9 |   0.0 |       0 |       5 |   0.0 |    73
               +---------+---------+-------+---------+---------+-------+---------
           D:1 |       0 |       9 |   0.0 |       0 |       5 |   0.0 |    73
               +---------+---------+-------+---------+---------+-------+---------
